 Dungeon Crawl Stone Soup version 0.31-a0-728-g01b46875f1 (webtiles) character file.

Game seed: 2503889215426301332

196 Fodor the Covered (level 5, 0/46 HPs)
             Began as a Minotaur Fighter on Sept 11, 2023.
             Slain by Pikel
             ... wielding a +2 whip of freezing
              (5 damage)
             ... on level 4 of the Dungeon.
             The game lasted 00:14:06 (3537 turns).

Fodor the Covered (Minotaur Fighter)                Turns: 3537, Time: 00:14:07

Health: 0/46       AC:  8    Str: 23    XL:     5   Next: 45%
Magic:  4/4        EV: 10    Int:  7    God:
Gold:   108        SH:  4    Dex:  9    Spells: 4/4 levels left

rFire   . . .        r - +7 mace of the Eleven Loafs {flame, rPois Int+2 SInv}
rCold   . . .        c - +0 buckler
rNeg    . . .        b - +0 scale mail
rPois   +            (helmet restricted)
rElec   .            (no cloak)
rCorr   .            i - +0 pair of gloves
SInv    +            (no boots)
Will    .....        o - amulet of the acrobat Stlth
                     (no ring)
HPRegen 0.27/turn    (no ring)
MPRegen 0.09/turn

%: acrobat
@: mighty
A: horns 2, retaliatory headbutt
a: no special abilities


You were on level 4 of the Dungeon.
You visited 2 branches of the dungeon, and saw 5 of its levels.

You collected 108 gold pieces.

Inventory:

Hand Weapons
 r - the +7 mace of the Eleven Loafs (weapon) {flame, rPois Int+2 SInv}
   (You found it on level 2 of the Dungeon)

   Int+2:     It affects your intelligence (+2).
   rPois:     It protects you from poison SInv: It lets you see invisible.
Missiles
 e - 9 poisoned darts (quivered)
Armour
 b - a +0 scale mail (worn)
 c - a +0 buckler (worn)
 i - a +0 pair of gloves (worn)
Jewellery
 o - an amulet of the acrobat (around neck)
Scrolls
 a - 2 scrolls of enchant armour {unknown}
 g - a scroll of vulnerability {unknown}
 h - a scroll of revelation {unknown}
 k - a scroll of blinking {unknown}
 l - 3 scrolls of immolation {unknown}
 n - a scroll of identify {unknown}
 p - a scroll of summoning {unknown}
 t - a scroll of fog {unknown}
Potions
 d - a potion of might
 j - a potion of berserk rage {unknown}
 m - 2 potions of attraction {unknown}
 q - a potion of ambrosia {unknown}
 s - a potion of brilliance {unknown}


   Skills:
 + Level 4.2 Fighting
 + Level 3.1 Long Blades
 + Level 2.1 Maces & Flails
 + Level 5.6 Armour
 + Level 1.2 Dodging
 + Level 4.2 Shields


You had 4 spell levels left.
You didn't know any spells.
Your spell library contained the following spells:

 Spells                   Type           Power      Damage    Failure   Level
 Magic Dart               Conj           0%         1d3       80%         1
 Searing Ray              Conj           0%         2d4       90%         2
 Fulminant Prism          Conj/Hex       0%         3d5       100%        4


Dungeon Overview and Level Annotations

Branches:
Dungeon (4/15)             Temple (1/1) D:4

Altars:
Ashenzari
Cheibriados
Fedhas
Gozag
Hepliaklqana
Kikubaaqudgha
Nemelex Xobeh
Okawaru
Sif Muna
Trog
Vehumet
Xom
Zin
The Shining One

Annotations:
D:4 Pikel


Innate Abilities, Weirdness & Mutations

You have a pair of horns on your head.
You reflexively headbutt those who attack you in melee.


Message History

* * * LOW HITPOINT WARNING * * *
You thump Pikel! You burn Pikel.
Pikel is moderately wounded.
You block the lemure's attack.
Pikel hits you with a +2 whip of freezing.
* * * LOW HITPOINT WARNING * * *
Pikel freezes you.
* * * LOW HITPOINT WARNING * * *
The lemure barely misses you.
It was a potion of curing.
You feel better. Pikel barely misses you. You furiously retaliate!
You headbutt Pikel. The lemure barely misses you.
You feel better. Pikel hits you but does no damage. The lemure hits you!
You feel better.
Pikel hits you with a +2 whip of freezing.
Pikel freezes you. The lemure hits you but does no damage.
You feel better. Pikel barely misses you. The lemure barely misses you.
You completely miss Pikel. Your headbutt misses Pikel.
Pikel is moderately wounded.
Pikel barely misses you. You block the lemure's attack.
Pikel hits you with a +2 whip of freezing.
Pikel freezes you.
You hit Pikel. You burn Pikel.
Pikel is moderately wounded.
The lemure hits you but does no damage.
Pikel hits you with a +2 whip of freezing.
Pikel freezes you.
You sock Pikel! You burn Pikel.
Pikel is severely wounded.
The lemure hits you!
* * * LOW HITPOINT WARNING * * *
Pikel hits you with a +2 whip of freezing.
* * * LOW HITPOINT WARNING * * *
Pikel freezes you.
* * * LOW HITPOINT WARNING * * *
You feel very mighty all of a sudden. The lemure hits you.
* * * LOW HITPOINT WARNING * * *
Pikel hits you with a +2 whip of freezing.
You die...
Pikel says, "See you in Hell!"

#... #..# #..#
...##. # #..##.
### #.
#..##.#####...
#..###...#....#.>
#.55K@.#.#......
#.#5#5##.# ...#
.K #....###.# #.
###....>.# #
#....##### #.##.#
... #.# #.## #.#
#. #.#


You could see Pikel, 4 lemures and a kobold.

Vanquished Creatures
  An iguana (D:2)
  Natasha (D:3)
  2 gnolls
  4 adders
  A white imp (D:3)
  2 worms
  2 dart slugs
  7 ball pythons
  2 endoplasms (D:1)
  4 giant cockroaches
  6 goblins
  4 hobgoblins
  7 jackals
  4 quokkas
  6 bats
  4 frilled lizards
  9 kobolds
  3 rats
69 creatures vanquished.

Notes
Turn   | Place    | Note
-------+----------+-------------------------------------------
     0 | D:1      | Fodor the Minotaur Fighter began the quest for the Orb.
     0 | D:1      | Reached XP level 1. HP: 19/19 MP: 0/0
   238 | D:1      | Reached XP level 2. HP: 27/27 MP: 1/1
   308 | D:1      | Reached skill level 4 in Armour
   408 | D:1      | Found a faded altar of an unknown god.
   700 | D:1      | Reached XP level 3. HP: 24/33 MP: 2/2
  1216 | D:2      | Reached XP level 4. HP: 33/40 MP: 3/3
  1251 | D:2      | Reached skill level 1 in Maces & Flails
  1254 | D:2      | Reached skill level 1 in Dodging
  1432 | D:2      | Reached skill level 5 in Armour
  2322 | D:2      | Identified the +7 mace of the Eleven Loafs {flame, rPois
                  | Int+2 SInv}
  2775 | D:3      | Found an ancient bone altar of Kikubaaqudgha.
  2799 | D:3      | Reached XP level 5. HP: 43/46 MP: 4/4
  2808 | D:3      | Found a hazy altar of Hepliaklqana.
  3046 | D:3      | Noticed Natasha
  3051 | D:3      | Killed Natasha
  3432 | D:4      | Found a staircase to the Ecumenical Temple.
  3440 | Temple   | Entered the Ecumenical Temple
  3521 | D:4      | Noticed a lemure
  3521 | D:4      | Noticed a lemure
  3523 | D:4      | Noticed Pikel
  3524 | D:4      | Noticed a lemure
  3527 | D:4      | Noticed a lemure
  3537 | D:4      | Slain by Pikel

Illustrated notes

Levels and vault maps discovered:
D:1:      sevenhm_arrival_forest_fort_large_4, layout_loops_cross,
          hellmonk_ecumenical_altar_zigzags
D:2:      minmay_recursive_quarters, layout_basic, serial_co_window_serial,
          co_window_corner_a, co_window_of_opportunity_a,
          co_window_of_opportunity_a, co_window_corner_a, co_window_corner_a,
          co_window_paths_a, co_window_paths_a, co_window_corner_a,
          co_window_of_opportunity_a, co_window_unsneaky_path_c,
          co_window_2corner, co_window_corner_b, co_window_2corner,
          co_window_unsneaky_path_a, glass_columns_a, glass_columns_b,
          glass_columns_b, minmay_misc_feat_five, eino_tiny_chamber
D:3:      layout_basic, kiku_gazebo_pond_becter,
          mainiacjoe_overflow_concentric_impassable, uniq_natasha
D:4:      minmay_polygon_palace, layout_loops_ring, temple_doors_cd, uniq_pikel,
          uniq_robin
Temple:   nicolae_temple_no_exploring_needed

Skill      XL: |  1  2  3  4  5 |
---------------+----------------+-----
Armour         | 4 5 |  5.6
Fighting       | 4 |  4.2
Shields        | 4 |  4.2
Long Blades    | 3 |  3.1
Maces & Flails | 1 2 |  2.1
Dodging        | 1 |  1.2

Action                     |  1- 3 |  4- 6 || total
---------------------------+-------+-------++-------
  Melee: Long sword        |    10 |       ||    10
         Headbutt          |    11 |     5 ||    16
         Whip              |    72 |    20 ||    92
         Mace              |       |    41 ||    41
  Throw: Dart              |     3 |       ||     3
    Use: Potion            |       |     5 ||     5
 Armour: Scale mail        |    76 |    61 ||   137
  Dodge: Dodged            |    45 |    62 ||   107
  Block: Buckler           |    14 |     9 ||    23

Table legend: (Time is in decaauts)
 A = Elapsed time spent in this place.
 B = Non-inter-level travel time spent in this place.
 C = Inter-level travel time spent in this place.
 D = Time resting spent in this place.
 E = Time spent auto-exploring this place.
 F = Levels seen in this place.
 G = Mean time per level.
                   A        B        C        D        E       F      G
               +--------+--------+--------+--------+--------+-----+--------+
         Total |   3561 |   3324 |    237 |    473 |     34 |   5 |  712.2 |
       Dungeon |   3545 |   3308 |    237 |    473 |     34 |   4 |  886.2 |
        Temple |     16 |     16 |      0 |      0 |      0 |   1 |   16.0 |
               +--------+--------+--------+--------+--------+-----+--------+

Top non-repeatable levels by time:
     D:2: 1744 daAuts
     D:1: 884 daAuts
     D:3: 791 daAuts
     D:4: 124 daAuts
  Temple: 16 daAuts
